 Dungeon Crawl Stone Soup version 0.22.1-2-g9c5b331383 (webtiles) character file.

261 Jerry the Ducker (level 6, -12/70 HPs)
             Began as a Merfolk Gladiator on Nov 24, 2018.
             Was a Follower of Okawaru.
             Mangled by an ogre
             ... wielding a +0 giant spiked club
              (20 damage)
             ... on level 4 of the Dungeon.
             The game lasted 00:07:05 (2263 turns).

Jerry the Ducker (Merfolk Gladiator)                Turns: 2263, Time: 00:07:06

Health: -12/70     AC: 23    Str: 16    XL:     6   Next: 18%
Magic:  7/7        EV:  2    Int:  7    God:    Okawaru [*.....]
Gold:   191        SH:  0    Dex: 21    Spells: 5/5 levels left

rFire    . . .     SeeInvis .   a - +0 long sword
rCold    . . .     Gourm    .   (no shield)
rNeg     + + +     Faith    .   (armour currently unavailable)
rPois    +         Spirit   .   (helmet currently unavailable)
rElec    .         Reflect  .   (cloak currently unavailable)
rCorr    .         Harm     .   (gloves currently unavailable)
MR       .....     NoTele   +   (boots currently unavailable)
Stlth    ++++......             (no amulet)
HPRegen  0.21/turn              t - ring of positive energy
MPRegen  0.10/turn              u - ring of stealth

@: agile, tree-form (expiring)
A: (change form in water), (swift swim), (stealthy swim)
a: Heroism, Renounce Religion


You were on level 4 of the Dungeon.
You worshipped Okawaru.
Okawaru was aware of your devotion.
You were very hungry.
You were a tree.
You visited 1 branch of the dungeon, and saw 4 of its levels.

You collected 191 gold pieces.

Inventory:

Hand Weapons
 a - a +0 long sword (weapon)
Missiles
 d - 3 throwing nets (quivered)
Armour
 b - a +0 leather armour
 c - a +0 helmet (melded)
 e - a scarf of spirit shield (melded)
 w - a +0 scale mail of fire resistance (melded)
Jewellery
 t - a ring of positive energy (left branch)
 u - a ring of stealth (right branch)
Scrolls
 g - a scroll of enchant weapon {unknown}
 h - 3 scrolls of identify {unknown}
 k - 2 scrolls of blinking {unknown}
 n - 3 scrolls of magic mapping {unknown}
 o - a scroll of fog {unknown}
 p - a scroll of remove curse {unknown}
 q - a scroll of random uselessness {unknown}
 s - a scroll of teleportation {unknown}
 v - a scroll of enchant armour {unknown}
Potions
 i - a potion of brilliance {unknown}
 j - a potion of magic {unknown}
 l - a potion of curing
 m - a potion of lignification
Comestibles
 f - 4 rations


   Skills:
 + Level 3.4 Fighting
 * Level 5.1 Long Blades
 - Level 2.0 Throwing
 + Level 1.5 Armour
 + Level 5.2 Dodging
 + Level 1.5 Invocations


You had 5 spell levels left.
You didn't know any spells.
Your spell library contained the following spells:

 Spells                   Type           Power        Failure   Level  Hunger
 Confusing Touch          Hex            #.....       43%         1    ##.....
 Confuse                  Hex            #.......     80%         3    ####...
 Gell's Gravitas          Tloc           #.........   80%         3    ####...
 Petrify                  Tmut/Erth      #.......     99%         4    #####..
 Metabolic Englaciation   Hex/Ice        #.........   100%        5    ######.
 Yara's Violent Unravell  Hex/Tmut       #.........   100%        5    ######.


Dungeon Overview and Level Annotations

Branches:
Dungeon (4/15)
 Temple: D:4-7

Altars:
Hepliaklqana
Okawaru
Qazlal
Uskayaw
Vehumet


Message History

* * * LOW HITPOINT WARNING * * *
The orc priest barely misses you.
You barely miss the ogre.
The ogre is heavily wounded.
The ogre hits you but does no damage.
The orc priest begins to cast a cantrip, but forgets the words!
You barely miss the ogre.
The ogre is heavily wounded.
The orc priest barely misses you. The ogre hits you but does no damage.
You barely miss the ogre.
The ogre is heavily wounded.
The orc priest hits you but does no damage.
It was a potion of curing.
You feel better.
The ogre hits you with a giant spiked club!
* * * LOW HITPOINT WARNING * * *
The orc priest hits you but does no damage.
It was a potion of agility.
You feel agile all of a sudden.
The ogre hits you with a giant spiked club!!
You die...

#......# #......# #......###
#........# #........#
#######........#
...........o...#
..........O....#
.......####♣####
.......#.......#
.......#.......#
...o...#.......#
......o#......#########
......>#......##......######
.......#......##............
#....................
#....................


You could see an ogre and an orc priest.

Vanquished Creatures
  Menkaure (D:4)
  A bullfrog skeleton (D:4)
  An orc wizard (D:4)
  2 adders (D:2)
  2 oozes
  2 dart slugs
  A worm (D:2)
  2 leopard geckos
  An orc (D:4)
  8 bats
  3 giant cockroaches (D:1)
  3 goblins
  4 hobgoblins
  8 jackals (D:3)
  4 frilled lizards
  10 kobolds
  A leopard gecko skeleton (D:3)
  7 rats
61 creatures vanquished.

Notes
Turn   | Place    | Note
-------+----------+-------------------------------------------
     0 | D:1      | Jerry the Merfolk Gladiator began the quest for the Orb.
     0 | D:1      | Reached XP level 1. HP: 16/16 MP: 1/1
   173 | D:1      | Reached XP level 2. HP: 23/23 MP: 2/2
   406 | D:1      | Reached XP level 3. HP: 28/28 MP: 3/3
  1080 | D:2      | Reached XP level 4. HP: 26/34 MP: 2/4
  1172 | D:2      | Reached skill level 1 in Armour
  1384 | D:3      | Found a faded altar of an unknown god.
  1535 | D:3      | Found a radiant altar of Vehumet.
  1907 | D:4      | Found a stormy altar of Qazlal.
  1910 | D:4      | Found a hide-covered altar of Uskayaw.
  1913 | D:4      | Found an iron altar of Okawaru.
  1917 | D:4      | Became a worshipper of Warmaster Okawaru
  1923 | D:4      | Found a hazy altar of Hepliaklqana.
  2012 | D:4      | Noticed Menkaure
  2022 | D:4      | Killed Menkaure
  2022 | D:4      | Reached * piety under Okawaru
  2022 | D:4      | Reached skill level 5 in Dodging
  2022 | D:4      | Reached skill level 1 in Invocations
  2022 | D:4      | Reached XP level 5. HP: 26/41 MP: 3/5
  2162 | D:4      | Reached skill level 5 in Long Blades
  2242 | D:4      | Reached XP level 6. HP: 34/47 MP: 4/7
  2263 | D:4      | Mangled by an ogre

Skill      XL: |  1  2  3  4  5 |
---------------+----------------+-----
Long Blades    | 4 5 |  5.1
Armour         | 1 |  1.5
Fighting       | 3 |  3.4
Dodging        | 5 |  5.2
Invocations    | 1 |  1.5
Throwing       | |  2.0

Action                   |  1- 3 |  4- 6 || total
-------------------------+-------+-------++-------
Melee: Long sword        |    82 |    75 ||   157
Throw: Throwing net      |       |     1 ||     1
  Use: Potion            |       |     3 ||     3
 Stab: Sleeping          |     4 |     1 ||     5
       Held in net/web   |       |     1 ||     1
  Eat: Chunk             |     1 |     2 ||     3
Armor: Leather armour    |    19 |     8 ||    27
       Skin              |       |    49 ||    49
       Scale mail        |       |     3 ||     3
Dodge: Dodged            |    50 |    48 ||    98
       Rpst.: Long sword |    18 |    19 ||    37
